 Dungeon Crawl Stone Soup version 0.27.1-1-g398f81649c (webtiles) character file.

Game seed: 7469230188750667256

11260 speeev33 the Cleaver (level 11, -6/102 HPs)
             Began as a Hill Orc Fighter on Sept 12, 2021.
             Was an Elder of Okawaru.
             Mangled by a large slime creature (18 damage)
             ... on level 10 of the Dungeon.
             The game lasted 00:26:26 (13996 turns).

speeev33 the Cleaver (Hill Orc Fighter)            Turns: 13996, Time: 00:26:26

Health: -6/102     AC: 18    Str: 23    XL:     11   Next: 75%
Magic:  15/15      EV:  4    Int:  8    God:    Okawaru [****..]
Gold:   706        SH: 23    Dex: 10    Spells: 10/10 levels left

rFire    + . .     SeeInvis +   a - +0 war axe
rCold    + + .     Faith    .   y - +1 tower shield
rNeg     . . .     Spirit   .   f - +0 plate armour
rPois    .         Reflect  +   (no helmet)
rElec    .         Harm     .   j - scarf {rC+ rF+}
rCorr    .         Rampage  .   r - +1 pair of gloves
Will     .....                  h - +0 pair of boots
Stlth    ..........             g - amulet of reflection
HPRegen  0.27/turn              i - ring of protection from cold
MPRegen  0.14/turn              w - ring of see invisible

@: studying Summonings
A: no striking features
a: Renounce Religion, Heroism


You were on level 10 of the Dungeon.
You worshipped Okawaru.
Okawaru was greatly pleased with you.
You visited 2 branches of the dungeon, and saw 13 of its levels.

You collected 706 gold pieces.

Inventory:

Hand Weapons
 a - a +0 war axe (weapon)
 b - a +0 morningstar
 m - a +7 dagger of draining
Missiles
 d - 13 atropa-tipped darts
 t - 37 poisoned darts (quivered)
Armour
 f - a +0 plate armour (worn)
 h - a +0 pair of boots (worn)
 j - a scarf of resistance (worn)
 r - a +1 pair of gloves (worn)
 y - a +1 tower shield (worn)
Jewellery
 g - an amulet of reflection (around neck)
 i - a ring of protection from cold (left hand)
 w - a ring of see invisible (right hand)
Wands
 k - a wand of flame (19)
 l - a wand of polymorph (7)
 q - a wand of paralysis (13)
Scrolls
 p - 3 scrolls of amnesia
 z - a scroll of noise
Potions
 e - a potion of flight
 n - a potion of attraction
 o - a potion of magic
 s - a potion of brilliance
 v - 2 potions of lignification


   Skills:
 + Level 11.1 Fighting
 + Level 11.6 Axes
 + Level 10.3 Armour
 + Level 10.3 Shields
 + Level 5.6 Invocations


You had 10 spell levels left.
You didn't know any spells.
Your spell library contained the following spells:

 Spells                   Type           Power      Damage    Failure   Level
 Animate Skeleton         Necr           0%         N/A       100%        1
 Apportation              Tloc           0%         N/A       100%        1
 Corona                   Hex            0%         N/A       100%        1
 Sting                    Tmut/Pois      0%         1d3       100%        1
 Summon Small Mammal      Summ           0%         N/A       100%        1
 Poisonous Vapours        Pois/Air       0%         N/A       100%        2
 Sublimation of Blood     Necr           0%         N/A       100%        2
 Ignite Poison            Fire/Tmut/Pois 0%         N/A       100%        3
 Mephitic Cloud           Conj/Pois/Air  0%         N/A       100%        3
 Animate Dead             Necr           0%         N/A       100%        4
 Olgreb's Toxic Radiance  Pois           0%         N/A       100%        4
 Petrify                  Tmut/Erth      0%         N/A       100%        4
 Bolt of Magma            Conj/Fire/Erth 0%         4d4       100%        5
 Irradiate                Conj/Tmut      0%         3d13      100%        5
 Haunt                    Necr/Summ      0%         N/A       100%        7
 Infestation              Necr           0%         N/A       100%        8


Dungeon Overview and Level Annotations

Branches:
Dungeon (12/15)            Temple (1/1) D:6            Lair (0/6) D:9
    Orc (0/2) D:9

Altars:
Ashenzari
Cheibriados
Fedhas
Hepliaklqana
Kikubaaqudgha
Nemelex Xobeh
Okawaru
Ru
Sif Muna
Uskayaw
Zin
Beogh

Shops:
D:3 ?   D:5 [

Portals:
Trove: D:12 (give 7 potions of haste)

Annotations:
D:11 Harold


Message History

The komodo dragon bites you but does no damage.
You slash the komodo dragon!
You kill the komodo dragon!
Okawaru accepts your kill.
You hit the large slime creature.
The large slime creature is lightly wounded.
You block the large slime creature's attack.
You hit the large slime creature but do no damage.
The large slime creature is lightly wounded.
You block the large slime creature's attack. x2
You hit the large slime creature but do no damage.
The large slime creature is lightly wounded.
You block the large slime creature's attack.
You hit the large slime creature.
The large slime creature is lightly wounded.
You block the large slime creature's attack.
You slash the large slime creature!
The large slime creature is lightly wounded.
The large slime creature hits you.
You slash the large slime creature!
The large slime creature is moderately wounded.
The large slime creature hits you!!
* * * LOW HITPOINT WARNING * * *
You slash the large slime creature!
The large slime creature is moderately wounded.
The large slime creature hits you but does no damage.
You block the large slime creature's attack.
You slash the large slime creature!
The large slime creature is moderately wounded.
You block the large slime creature's attack.
You slash the large slime creature!
The large slime creature is moderately wounded.
You block the large slime creature's attack.
You slice the large slime creature!!
The large slime creature is heavily wounded.
You block the large slime creature's attack.
You hit the large slime creature.
The large slime creature is heavily wounded.
The large slime creature hits you!!
You die...

#.########.....# #.#
#.............##### #.#
#########.........######.#
#.##.............#
#.##.####.########
#.##.####.# #.........#
####.###### #@# #J# #.#
#.######## #..J......
#........##### #.#......#
##...#.# ##.##.#


You could see a large slime creature.

Vanquished Creatures
  A boulder beetle (D:9)
  A two-headed ogre (D:5)
  A skeletal warrior (D:8)
  An ice statue (D:9)
  An unseen horror (D:9)
  A gargoyle (D:5)
  2 kobold demonologists (D:9)
  A komodo dragon (D:10)
  A slime creature (D:10)
  2 hornets
  A shadow (D:9)
  4 yaks (D:9)
  2 wraiths (D:10)
  6 wyverns
  3 steam dragons
  Menkaure (D:6)
  A water moccasin (D:6)
  8 orc warriors
  2 ice beasts
  3 sky beasts
  4 black bears
  A necrophage (D:7)
  5 centaurs
  3 kobold brigands
  A bullfrog (D:9)
  A gnoll sergeant (D:10)
  10 scorpions
  A water moccasin zombie (D:5)
  A wyvern skeleton (D:6)
  A water moccasin skeleton (D:7)
  8 killer bees
  A wight (D:9)
  2 howler monkeys
  7 orc priests
  4 hounds
  2 jellies
  3 bullfrog skeletons
  Jessica (D:3)
  2 iguanas (D:5)
  5 orc wizards
  A killer bee zombie (D:8)
  A centaur simulacrum (D:10)
  A hound skeleton (D:5)
  3 howler monkey zombies (D:9)
  11 adders
  5 gnolls
  A howler monkey skeleton (D:5)
  A shadow imp (D:5)
  A white imp (D:5)
  4 worms
  4 dart slugs
  45 orcs
  7 ball pythons
  8 endoplasms
  11 goblins
  4 hobgoblins
  8 jackals
  12 kobolds
  A quokka (D:4)
  4 bats
  3 frilled lizards
  2 rats (D:2)
244 creatures vanquished.

Vanquished Creatures (others)
  A centaur zombie (D:10)
  An orc wizard (D:5)
  A kobold (D:5)
  A fungus (D:9)
4 creatures vanquished.

Grand Total: 248 creatures vanquished

Notes
Turn   | Place    | Note
-------+----------+-------------------------------------------
     0 | D:1      | speeev33 the Hill Orc Fighter began the quest for the Orb.
     0 | D:1      | Reached XP level 1. HP: 19/19 MP: 1/1
   123 | D:1      | Reached XP level 2. HP: 27/27 MP: 2/2
   401 | D:1      | Found a faded altar of an unknown god.
   534 | D:1      | Reached XP level 3. HP: 33/33 MP: 3/3
  1371 | D:2      | Reached XP level 4. HP: 39/40 MP: 4/4
  2021 | D:3      | Reached XP level 5. HP: 28/47 MP: 5/5
  2186 | D:3      | Found Animuin's Magic Scroll Shoppe.
  2362 | D:3      | Noticed Jessica
  2369 | D:3      | Killed Jessica
  2429 | D:3      | Found a snail-covered altar of Cheibriados.
  2789 | D:4      | Reached skill level 5 in Fighting
  2789 | D:4      | Reached XP level 6. HP: 31/56 MP: 6/6
  3363 | D:4      | Reached skill level 5 in Axes
  3452 | D:5      | Entered Level 5 of the Dungeon
  3500 | D:5      | Noticed an ice beast
  3508 | D:5      | Killed an ice beast
  3509 | D:5      | Reached skill level 5 in Armour
  3509 | D:5      | Reached skill level 5 in Shields
  3509 | D:5      | Reached XP level 7. HP: 61/61 MP: 7/7
  4028 | D:5      | Noticed Sigmund
  4030 | D:5      | Noticed Sigmund
  4030 | D:5      | Sigmund changed into Sigmund the gnoll
  4035 | D:5      | Killed Sigmund the gnoll
  4269 | D:5      | Found Qotaonu's Antique Armour Emporium.
  4376 | D:5      | Reached XP level 8. HP: 70/70 MP: 8/8
  4723 | D:5      | Found the +4 robe of Folly {Brilliance Will-∞ Int+8}
  4724 | D:5      | Noticed a hornet
  4728 | D:5      | Killed a hornet
  5027 | D:5      | Noticed a two-headed ogre
  5028 | D:5      | Noticed a gargoyle
  5035 | D:5      | Killed a two-headed ogre
  5036 | D:5      | Reached XP level 9. HP: 81/81 MP: 9/9
  5043 | D:5      | Killed a gargoyle
  5053 | D:5      | Identified the +7 great sword "Edazawef" {vorpal, *Rage rF+
                  | rC+ MP+9}
  5669 | D:5      | HP: 4/82 [poisoned by a killer bee]
  6206 | D:6      | Noticed Menkaure
  6214 | D:6      | Killed Menkaure
  6789 | D:6      | Found a shimmering blue altar of Sif Muna.
  6833 | D:6      | Reached XP level 10. HP: 91/91 MP: 10/10
  6928 | D:6      | Found a staircase to the Ecumenical Temple.
  6935 | Temple   | Entered the Ecumenical Temple
  6957 | Temple   | Became a worshipper of Warmaster Okawaru
  7879 | D:7      | Found a broken altar of Ashenzari.
  8194 | D:8      | Found a roughly hewn altar of Beogh.
  8222 | D:7      | Reached * piety under Okawaru
  8458 | D:7      | Reached skill level 10 in Axes
  9638 | D:8      | Found a sparkling altar of Nemelex Xobeh.
  9694 | D:8      | Found an ancient bone altar of Kikubaaqudgha.
  9821 | D:8      | Found a blossoming altar of Fedhas.
  9892 | D:9      | Found a staircase to the Orcish Mines.
  9909 | D:8      | Reached ** piety under Okawaru
  9910 | D:8      | Reached skill level 10 in Fighting
  9910 | D:8      | Reached skill level 1 in Invocations
 10076 | D:9      | Noticed an ice statue
 10251 | D:9      | You fall into a shaft and drop 3 floors!
 10251 | D:12     | Found a portal to a secret trove of treasure.
 10265 | D:11     | Noticed Harold
 10577 | D:11     | Noticed a boulder beetle
 10953 | D:11     | Noticed a gargoyle
 10964 | D:10     | Entered Level 10 of the Dungeon
 11584 | D:9      | Noticed an unseen horror
 11605 | D:9      | Killed an unseen horror
 11767 | D:9      | Found a staircase to the Lair.
 11788 | D:9      | Reached XP level 11. HP: 72/101 MP: 13/13
 12339 | D:9      | Noticed a skeletal warrior
 12358 | D:9      | Noticed a boulder beetle
 12428 | D:8      | Killed a skeletal warrior
 12754 | D:9      | Reached *** piety under Okawaru
 12814 | D:9      | Reached skill level 10 in Armour
 12814 | D:9      | Reached skill level 10 in Shields
 12815 | D:9      | Killed a boulder beetle
 12815 | D:9      | Reached **** piety under Okawaru
 12816 | D:9      | Reached skill level 5 in Invocations
 13211 | D:9      | Found a hazy altar of Hepliaklqana.
 13743 | D:10     | Found a hide-covered altar of Uskayaw.
 13996 | D:10     | Mangled by a large slime creature

Illustrated notes

Levels and vault maps discovered:
D:1:      minmay_arrival_stair_chambers, layout_basic,
          hellmonk_ecumenical_altar_prayer_group
D:2:      layout_basic, chequers_arboretum
D:3:      layout_rooms, cheibriados_altar_1, serial_shops, shop, uniq_jessica
D:4:      layout_basic
D:5:      kennysheep_windowed_halls, layout_layer_cave, serial_shops, shop,
          uniq_sigmund
D:6:      layout_layer_cave, mainiacjoe_overflow_surrounded_room,
          minmay_temple_entry_arrows, chequers_jeans, uniq_menkaure
D:7:      layout_basic, mainiacjoe_overflow_small_starburst
D:8:      layout_cave_pools, nicolae_kikubaaqudgha_miasma_corner,
          marbit_many_paths, mainiacjoe_overflow_24_doors, special_room
          [special_room_orc]
D:9:      cheibrodos_barr_body, layout_layer_cave,
          nicolae_hepliaklqana_hippocampus, david_lair_generic, orc_david_3,
          minmay_misc_feat_diagonals, minivault_15
D:10:     cheibrodos_fzero, layout_loops_corners,
          nicolae_overflow_crystal_walls, minmay_misc_feat_iff
D:11:     layout_gridville, serial_shops, nicolae_lakefront_shop, uniq_harold
D:12:     layout_loops_ring, nicolae_trove_entry_isolated,
          gammafunk_ghost_hydra_chop, kennysheep_pointless_box,
          minmay_statue_bubble
Temple:   dpeg_chambers_temple

Skill      XL: |  1  2  3  4  5  6  7  8  9 10 11 |
---------------+----------------------------------+-----
Axes           | 3 4 5 6 8 9 10 11 | 11.6
Fighting       | 4 5 6 8 9 10 11 | 11.1
Shields        | 4 5 7 8 9 10 | 10.3
Armour         | 4 5 7 8 9 10 | 10.3
Invocations    | 3 5 |  5.6

Action                   |  1- 3 |  4- 6 |  7- 9 | 10-12 || total
-------------------------+-------+-------+-------+-------++-------
Melee: War axe           |    83 |   140 |    20 |   180 ||   423
       Dagger            |       |    75 |   222 |   412 ||   709
Invok: Heroism           |       |       |       |     2 ||     2
Evoke: Wand              |       |       |     2 |       ||     2
  Use: Scroll            |     4 |     5 |     1 |    11 ||    21
       Potion            |       |       |     6 |     1 ||     7
Armor: Scale mail        |    21 |       |       |       ||    21
       Plate armour      |    28 |   104 |   169 |   309 ||   610
Dodge: Dodged            |    14 |    35 |    46 |   143 ||   238
Block: Kite shield       |    61 |   175 |   267 |   581 ||  1084
       Reflection        |       |     2 |     9 |    18 ||    29
       Tower shield      |       |       |       |    56 ||    56
